 Dungeon Crawl Stone Soup version 0.23.0 (webtiles) character file.

Game seed: 5498082039745626428

253 bar4ka the Chopper (level 5, -3/45 HPs)
             Began as a Minotaur Berserker on Feb 17, 2019.
             Was a Priest of Trog.
             Slain by Menkaure (16 damage)
             ... on level 4 of the Dungeon on Feb 18, 2019.
             The game lasted 00:08:12 (2453 turns).

bar4ka the Chopper (Minotaur Berserker)             Turns: 2453, Time: 00:08:12

Health: -3/45      AC:  5    Str: 22    XL:     5   Next: 90%
Magic:  4/4        EV: 12    Int:  4    God:    Trog [***...]
Gold:   225        SH:  0    Dex: 10    Spells: 4/4 levels left

rFire    . . .     SeeInvis .   a - +1 hand axe
rCold    . . .     Gourm    .   (no shield)
rNeg     . . .     Faith    .   m - +0 leather armour
rPois    .         Spirit   .   (helmet restricted)
rElec    .         Reflect  .   (no cloak)
rCorr    .         Harm     .   h - +1 pair of gloves {archery}
MR       .....                  (no boots)
Stlth    +.........             (no amulet)
HPRegen  0.15/turn              (no ring)
MPRegen  0.09/turn              (no ring)

@: berserk cooldown, slowed, very slow
A: retaliatory headbutt, horns 2
a: Berserk, Trog's Hand, Renounce Religion


You were on level 4 of the Dungeon.
You worshipped Trog.
Trog was most pleased with you.
You were not hungry.

You visited 1 branch of the dungeon, and saw 4 of its levels.

You collected 225 gold pieces.

Inventory:

Hand Weapons
 a - a +1 hand axe (weapon)
Armour
 b - a +1 animal skin
 h - a +1 pair of gloves of archery (worn)
 m - a +0 leather armour (worn)
Jewellery
 n - an uncursed ring of magical power {unknown}
Wands
 q - a wand of polymorph (9)
Scrolls
 f - 2 scrolls of enchant armour
 g - 8 scrolls of identify
 j - a scroll of enchant weapon
 o - 2 scrolls of teleportation
 p - a scroll of blinking
Potions
 d - 2 potions of resistance {unknown}
 e - 2 potions of brilliance {unknown}
 i - 2 potions of flight
 k - a potion of berserk rage {unknown}
 l - 2 potions of heal wounds {unknown}
Comestibles
 c - 5 rations


   Skills:
 - Level 3.6 Fighting
 * Level 7.9 Axes
 - Level 2.4 Armour
 - Level 2.1 Dodging
 + Level 0.9 Stealth


You had 4 spell levels left.
You didn't know any spells.
Your spell library was empty.

Dungeon Overview and Level Annotations

Branches:
Dungeon (4/15)
 Temple: D:4-7

Altars:

Annotations:
D:4 Menkaure


Innate Abilities, Weirdness & Mutations

You reflexively headbutt those who attack you in melee.
You have a pair of horns on your head.


Message History

You feel yourself moving faster!
You feel mighty!
You feel quite a bit more hungry.
Menkaure calls on the powers of darkness!
Your body is wracked with pain!
* * * LOW HITPOINT WARNING * * *
You are too injured to fight recklessly!
You are too injured to fight recklessly!
You are too injured to fight recklessly!
You feel a strong urge to attack something.
You see here a jackal corpse.
You feel your anger nearly subside.
You see here a dagger.
You are no longer berserk.
You are exhausted.
You feel yourself slow down.
You slash Menkaure!
Menkaure is moderately damaged.
Menkaure shrieks, "Why can't you leave me to my rest?"
Menkaure hits you!
You die...

#.#..........#
#.#.##.......# #.#
#.<......# #######.#
###......#
#.......#......#####
#.############## #.#.....#
########
###.#.###.##########......#
^......<........@M).†....>#
..........######.###†.....#
###.......#....#.# #......#
#####...#....#.# #......#
#.#........# #........
#.#......#.# #####....
#.......(..# ....
##########.# ... #.# ..


You could see Menkaure.

Vanquished Creatures
  An orc priest (D:3)
  8 adders
  3 gnolls (D:3)
  An ooze (D:2)
  5 worms
  3 dart slugs
  5 leopard geckos
  4 orcs (D:3)
  A ball python (D:1)
  5 bats
  5 giant cockroaches
  7 goblins
  5 hobgoblins
  12 jackals
  A quokka (D:3)
  7 frilled lizards
  6 kobolds
  11 rats
  A plant (D:1)
91 creatures vanquished.

Vanquished Creatures (others)
  A plant (D:1)
1 creature vanquished.

Grand Total: 92 creatures vanquished

Notes
Turn   | Place    | Note
-------+----------+-------------------------------------------
     0 | D:1      | bar4ka the Minotaur Berserker began the quest for the Orb.
     0 | D:1      | Reached XP level 1. HP: 19/19 MP: 0/0
    26 | D:1      | Reached skill level 4 in Axes
    32 | D:1      | Reached XP level 2. HP: 10/26 MP: 1/1
   655 | D:1      | Reached skill level 5 in Axes
   657 | D:1      | Reached XP level 3. HP: 31/31 MP: 2/2
   665 | D:1      | Reached ** piety under Trog
  1180 | D:2      | Reached XP level 4. HP: 38/39 MP: 3/3
  1331 | D:2      | Reached skill level 6 in Axes
  1939 | D:3      | Reached XP level 5. HP: 42/45 MP: 4/4
  2026 | D:3      | Reached skill level 7 in Axes
  2440 | D:4      | Noticed Menkaure
  2441 | D:4      | Reached *** piety under Trog
  2453 | D:4      | Slain by Menkaure

Skill      XL: |  1  2  3  4  5 |
---------------+----------------+-----
Axes           | 4 5 6 7 |  7.9
Fighting       | |  3.6
Armour         | |  2.4
Dodging        | |  2.1
Stealth        | |  0.9

Action                   |  1- 3 |  4- 6 || total
-------------------------+-------+-------++-------
Melee: Hand axe          |    87 |    90 ||   177
       Headbutt          |    22 |    14 ||    36
Invok: Berserk           |     2 |     3 ||     5
  Use: Scroll            |     4 |     7 ||    11
 Stab: Sleeping          |     1 |     1 ||     2
  Eat: Ration            |     1 |     2 ||     3
       Chunk             |     1 |       ||     1
Armor: Animal skin       |    15 |    10 ||    25
       Leather armour    |       |    12 ||    12
Dodge: Dodged            |    43 |    58 ||   101
